 Dungeon Crawl Stone Soup version 0.30-a0-422-g946f4849ff (webtiles) character file.

Game seed: 8160491370598963999

2536 pokeman the Thaumaturge (level 9, -6/51 HPs)
             Began as a Deep Elf Hedge Wizard on Dec 8, 2022.
             Was a Follower of Vehumet.
             Mangled by an iguana (11 damage)
             ... on level 7 of the Dungeon.
             The game lasted 00:15:33 (7129 turns).

pokeman the Thaumaturge (Deep Elf Hedge Wizard)     Turns: 7129, Time: 00:15:33

Health: -6/51      AC:  8    Str: 13    XL:     9   Next: 30%
Magic:  18/26      EV: 12    Int: 24    God:    Vehumet [*.....]
Gold:   529        SH:  0    Dex: 14    Spells: 23/31 levels left

rFire   . . .      SeeInvis +    A - +0 quarterstaff (spect)
rCold   . . .      Faith    .    (shield currently unavailable)
rNeg    . . .      Spirit   .    m - +0 leather armour
rPois   .          Reflect  .    n - +0 helmet
rElec   .          Harm     .    (no cloak)
rCorr   .          Rampage  .    r - +0 pair of gloves
Will    .....                    k - +2 pair of boots
Stlth   ++........               (no amulet)
HPRegen 0.28/turn                s - ring of see invisible
MPRegen 0.20/turn                w - +6 ring of strength

@: on blink cooldown
A: no striking features
a: Renounce Religion


You were on level 7 of the Dungeon.
You worshipped Vehumet.
Vehumet was aware of your devotion.
You visited 2 branches of the dungeon, and saw 8 of its levels.

You collected 529 gold pieces.

Inventory:

Hand Weapons
 A - a +0 spectral quarterstaff (weapon)
Missiles
 C - a curare-tipped dart
Armour
 c - a +0 buckler
 k - a +2 pair of boots (worn)
 m - a +0 leather armour (worn)
 n - a +0 helmet (worn)
 r - a +0 pair of gloves (worn)
Jewellery
 s - a ring of see invisible (left hand)
 w - a +6 ring of strength (right hand)
Wands
 v - a wand of mindburst (20)
 y - a wand of paralysis (9)
 E - a wand of iceblast (8)
Scrolls
 b - a scroll of torment {unknown}
 f - 5 scrolls of teleportation {unknown}
 h - 2 scrolls of fear {unknown}
 j - a scroll of enchant weapon {unknown}
 p - 7 scrolls of identify {unknown}
 q - 4 scrolls of noise {unknown}
 t - a scroll of enchant armour {unknown}
 u - 2 scrolls of magic mapping {unknown}
 x - 2 scrolls of vulnerability {unknown}
 B - a scroll of blinking {unknown}
Potions
 a - 3 potions of lignification {unknown}
 d - 2 potions of magic
 e - 8 potions of curing {unknown}
 g - 3 potions of attraction {unknown}
 i - 2 potions of might {unknown}
 l - a potion of brilliance {unknown}
 o - 2 potions of haste {unknown}
 z - 2 potions of invisibility {unknown}
 D - a potion of degeneration {unknown}


   Skills:
 + Level 3.2 Fighting
 - Level 3.0 Armour
 - Level 3.1 Dodging
 - Level 3.1 Stealth
 + Level 2.2 Shields
 * Level 11.7 Spellcasting
 + Level 6.4 Conjurations
 - Level 1.1 Summonings
 - Level 1.1 Translocations
 - Level 1.1 Air Magic
 - Level 1.2 Poison Magic
 - Level 1.2 Evocations


You had 23 spell levels left.
You knew the following spells:

 Your Spells              Type           Power      Damage    Failure   Level
a - Magic Dart            Conj           100%       1d8       1%          1
b - Mephitic Cloud        Conj/Pois/Air  28%        N/A       4%          3
c - Call Imp              Summ           19%        N/A       5%          2
d - Blink                 Tloc           38%        N/A       5%          2

Your spell library contained the following spells:

 Spells                   Type           Power      Damage    Failure   Level
 Shock                    Conj/Air       100%       1d9       1%          1
 Slow                     Hex            56%        N/A       5%          1
 Cigotuvi's Dreadful Rot  Necr/Pois/Air  34%        N/A       6%          2
 Call Canine Familiar     Summ           19%        N/A       11%         3
 Portal Projectile        Hex/Tloc       32%        N/A       14%         3
 Leda's Liquefaction      Hex/Erth       7%         N/A       50%         4


Dungeon Overview and Level Annotations

Branches:
Dungeon (7/15)             Temple (1/1) D:5

Altars:
Ashenzari
Cheibriados
Dithmenos
Elyvilon
Fedhas
Gozag
Hepliaklqana
Kikubaaqudgha
Makhleb
Nemelex Xobeh
Okawaru
Qazlal
Ru
Sif Muna
Uskayaw
Vehumet
Wu Jian
Xom
Yredelemnul
Zin
The Shining One

Annotations:
D:6 5 runed translucent doors, exclusion: door, will825x's ghost, novice OpTm


Message History

The steam dragon bites you!
* * * LOW HITPOINT WARNING * * *
The steam dragon claws you but does no damage.
Unknown command.
Casting: Mephitic Cloud (dangerous; 4% risk of failure)
Confirm with . or Enter, or press ? or * to list all spells.
You blink.
An orc warrior and a jelly come into view.
An iguana comes into view.
Unknown command.
Casting: Blink (safe; 5% risk of failure)
Confirm with . or Enter, or press ? or * to list all spells.
Aiming: Mephitic Cloud (dangerous; 4% risk of failure)
Press: ? - help, Shift-Dir - straight line, f/p - steam dragon
Aim: a steam dragon (almost dead, catching its breath, chance to affect: 81%)
The ball explodes into a vile cloud!
The stinking cloud engulfs the steam dragon but does no damage.
The steam dragon is almost dead.
The stinking cloud engulfs the iguana but does no damage.
You hear a shout!
The iguana is engulfed in noxious fumes.
The steam dragon is engulfed in noxious fumes.
The steam dragon appears confused.
Unknown command.
Unknown command.
The iguana bites you.
* * * LOW HITPOINT WARNING * * *
The steam dragon is engulfed in noxious fumes.
Unknown command.
The iguana bites you.
* * * LOW HITPOINT WARNING * * *
Unknown command.
The jelly attacks as you move away! The jelly hits you but does no damage.
You feel stable enough to blink again. The iguana closely misses you.
The steam dragon is engulfed in noxious fumes.
Casting: Mephitic Cloud (dangerous; 4% risk of failure)
Confirm with . or Enter, or press ? or * to list all spells.
You blink.
The iguana bites you!
You die...

#. .. ..... #l
....# ### #.###...#
...... ......## #.
#...#. .l......
##.##...#.###.....#
#...#...#..Jo..#
###...#.....§l@.##
.#........###.°.##
.........$..°D..#
.#.....§......#.#
.........#...##.#
###..§..######.#
########..# #.#
..........# #..
................


You could see a steam dragon (confused), an orc warrior, 2 iguanas and a jelly.

Vanquished Creatures
  A wyvern (D:7)
  An acid dragon (D:6)
  4 water moccasins
  A black bear (D:5)
  2 ice beasts
  2 ogres (D:6)
  A centaur (D:5)
  4 phantoms
  3 bullfrogs (D:6)
  A kobold brigand (D:6)
  A scorpion (D:5)
  A gnoll sergeant (D:6)
  2 howler monkeys
  2 orc priests (D:5)
  A hound (D:6)
  A jelly (D:7)
  8 orc wizards
  2 iguanas
  3 gnolls (D:6)
  9 adders
  2 shadow imps
  4 ufetubi
  A worm (D:2)
  The ghost of flotson the Sneak, a weakling DsDe (D:5)
  A dart slug (D:2)
  24 orcs
  4 ball pythons
  2 bats
  6 endoplasms
  5 goblins
  3 hobgoblins
  4 jackals (D:5)
  6 kobolds
  2 quokkas
  3 frilled lizards
  2 rats
120 creatures vanquished.

Notes
Turn   | Place    | Note
-------+----------+-------------------------------------------
     0 | D:1      | pokeman the Deep Elf Hedge Wizard began the quest for the
                  | Orb.
     0 | D:1      | Reached XP level 1. HP: 10/10 MP: 7/7
     4 | D:1      | Found a faded altar of an unknown god.
   963 | D:2      | Reached XP level 2. HP: 16/16 MP: 5/9
  1350 | D:2      | Reached skill level 5 in Spellcasting
  1588 | D:2      | Reached XP level 3. HP: 20/20 MP: 5/11
  1592 | D:2      | Learned a level 3 spell: Mephitic Cloud
  1595 | D:2      | Learned a level 2 spell: Call Imp
  1598 | D:2      | Learned a level 2 spell: Blink
  2098 | D:3      | Reached skill level 1 in Armour
  2120 | D:2      | Reached skill level 1 in Fighting
  2400 | D:3      | Reached XP level 4. HP: 25/25 MP: 3/13
  2907 | D:4      | Noticed a phantom
  3068 | D:4      | Noticed a phantom
  3213 | D:4      | Killed a phantom
  3214 | D:4      | Reached skill level 6 in Spellcasting
  3214 | D:4      | Reached XP level 5. HP: 23/29 MP: 7/15
  3838 | D:5      | Entered Level 5 of the Dungeon
  3838 | D:5      | Noticed a centaur
  3865 | D:5      | Noticed an ice beast
  3879 | D:4      | Killed a phantom
  3880 | D:4      | Reached skill level 1 in Air Magic
  3880 | D:4      | Reached skill level 1 in Poison Magic
  3880 | D:4      | Reached XP level 6. HP: 30/34 MP: 14/17
  3920 | D:5      | Killed an ice beast
  3921 | D:5      | Reached skill level 7 in Spellcasting
  3928 | D:5      | Reached skill level 1 in Evocations
  4041 | D:5      | Reached XP level 7. HP: 19/39 MP: 14/20
  4182 | D:5      | Reached skill level 8 in Spellcasting
  4629 | D:5      | Reached skill level 9 in Spellcasting
  4855 | D:5      | Found a large runed translucent door.
  4855 | D:5      | Found a large runed translucent door.
  4857 | D:5      | Noticed flotson's ghost (weakling DsDe)
  4864 | D:5      | Found a shimmering blue altar of Sif Muna.
  4872 | D:5      | Found a shimmering altar of Xom.
  4934 | D:5      | Found a staircase to the Ecumenical Temple.
  4943 | Temple   | Entered the Ecumenical Temple
  4943 | Temple   | Found a transporter.
  4943 | Temple   | Found a transporter.
  4945 | Temple   | Found a transporter.
  4945 | Temple   | Found a transporter.
  4958 | Temple   | Became a worshipper of Vehumet
  5030 | D:5      | Reached XP level 8. HP: 41/44 MP: 13/23
  5192 | D:5      | Killed flotson's ghost
  5289 | D:6      | Reached skill level 5 in Conjurations
  5318 | D:6      | Found a runed translucent door.
  5319 | D:6      | Noticed a slime creature
  5319 | D:6      | Noticed will825x's ghost (novice OpTm)
  5376 | D:6      | Reached skill level 10 in Spellcasting
  5602 | D:6      | Reached * piety under Vehumet
  5602 | D:6      | Offered knowledge of Shock by Vehumet.
  5768 | D:6      | Reached skill level 1 in Shields
  6175 | D:6      | Found a large runed translucent door.
  6176 | D:6      | Found a large runed translucent door.
  6179 | D:6      | Noticed a gargoyle
  6182 | D:6      | Noticed a komodo dragon
  6203 | D:6      | Reached skill level 11 in Spellcasting
  6240 | D:6      | Reached XP level 9. HP: 49/49 MP: 26/26
  6426 | D:6      | Found a large runed translucent door.
  6426 | D:6      | Found a large runed translucent door.
  6541 | D:6      | Noticed a gargoyle
  7129 | D:7      | Mangled by an iguana

Illustrated notes

Levels and vault maps discovered:
D:1:      dpeg_arrival_tiny_j, layout_basic, serial_glass, glass_columns_a,
          glass_columns_c, hellmonk_ecumenical_altar_lost_god,
          wander_ebering_terrifying_dragon_lair
D:2:      layout_loops_ring
D:3:      layout_rooms, nicolae_concentric_dashed_squares_mild
D:4:      layout_rooms, dreamdust_wishing_well, minmay_splitting_lines
D:5:      layout_cave_pools, grunt_temple_overflow_open, temple_doors_ab,
          ebering_ghost_disaster_area
D:6:      layout_gridville, ebering_ghost_inner_flame, nicolae_hexahallways,
          minmay_hollow_rounded_squares
D:7:      hangedman_cross_stitches, layout_loops_ring
Temple:   hellmonk_temple_divided_pantheon

Skill      XL: |  1  2  3  4  5  6  7  8  9 |
---------------+----------------------------+-----
Spellcasting   | 5 6 7 9 11 | 11.7
Armour         | 1 2 3 |  3.0
Fighting       | 1 2 3 |  3.2
Conjurations   | 2 3 4 6 |  6.4
Dodging        | 3 |  3.1
Stealth        | 3 |  3.1
Air Magic      | 1 |  1.1
Poison Magic   | 1 |  1.2
Evocations     | 1 |  1.2
Shields        | 1 2 |  2.2
Summonings     | |  1.1
Translocations | |  1.1

Action                   |  1- 3 |  4- 6 |  7- 9 || total
-------------------------+-------+-------+-------++-------
Melee: Dagger            |    12 |    44 |    20 ||    76
       Punch             |       |     1 |     1 ||     2
       Quarterstaff      |       |       |    63 ||    63
 Cast: Magic Dart        |   101 |    68 |   112 ||   281
       Call Imp          |     1 |       |     2 ||     3
       Blink             |       |     1 |     6 ||     7
       Mephitic Cloud    |       |     5 |    17 ||    22
Evoke: Wand              |       |       |     6 ||     6
 Stab: Confused          |       |     2 |     9 ||    11
       Distracted        |       |       |     1 ||     1
Armor: Leather armour    |     9 |    28 |    24 ||    61
Dodge: Dodged            |    17 |    46 |    74 ||   137

Table legend: (Time is in decaauts)
 A = Elapsed time spent in this place.
 B = Non-inter-level travel time spent in this place.
 C = Inter-level travel time spent in this place.
 D = Time resting spent in this place.
 E = Time spent auto-exploring this place.
 F = Levels seen in this place.
 G = Mean time per level.
                   A        B        C        D        E       F      G
               +--------+--------+--------+--------+--------+-----+--------+
         Total |   7149 |   6871 |    278 |    417 |   5371 |   8 |  893.6 |
       Dungeon |   7112 |   6834 |    278 |    417 |   5370 |   7 | 1016.0 |
        Temple |     36 |     36 |      0 |      0 |      1 |   1 |   36.0 |
               +--------+--------+--------+--------+--------+-----+--------+

Top non-repeatable levels by time:
     D:6: 1517 daAuts
     D:2: 1223 daAuts
     D:4: 1138 daAuts
     D:5: 1041 daAuts
     D:1: 949 daAuts
     D:3: 858 daAuts
     D:7: 384 daAuts
  Temple: 36 daAuts
